 Dungeon Crawl Stone Soup version 0.31.0-12-g77e489cdc1 (webtiles) character file.

Game seed: 18097473718509997870

40 KennySheep the Chopper (level 3, 0/33 HPs)
             Began as a Hill Orc Monk on Mar 2, 2024.
             Was a Believer of Wu Jian.
             Slain by a gnoll
             ... wielding a +0 flail
              (12 damage)
             ... on level 2 of the Dungeon.
             The game lasted 00:02:35 (868 turns).

KennySheep the Chopper (Hill Orc Monk)               Turns: 868, Time: 00:02:36

Health: 0/33       AC:  2    Str: 15    XL:     3   Next: 50%
Magic:  3/3        EV: 12    Int: 10    God:    Wu Jian [**....]
Gold:   83         SH:  0    Dex: 13    Spells: 2/2 levels left

rFire   . . .        a - +0 hand axe
rCold   . . .        d - orb {light}
rNeg    . . .        b - +0 robe
rPois   .            (no helmet)
rElec   .            (no cloak)
rCorr   .            (no gloves)
SInv    .            (no boots)
Will    .....        (no amulet)
Stlth   +            (no ring)
HPRegen 0.25/turn    (no ring)
MPRegen 0.08/turn

%: no passive effects
@: glowing
A: no striking features
a: Renounce Religion, Wall Jump


You were on level 2 of the Dungeon.
You worshipped Wu Jian.
Wu Jian was pleased with you.
You visited 1 branch of the dungeon, and saw 2 of its levels.

You collected 83 gold pieces.

Inventory:

Hand Weapons
 a - a +0 hand axe (weapon)
Armour
 b - a +0 robe (worn)
 d - an orb of light (worn)
Potions
 c - a potion of ambrosia
 e - a potion of cancellation
 g - a potion of lignification {unknown}


   Skills:
 + Level 3.9 Fighting
 * Level 4.8 Axes
 * Level 1.7 Armour
 + Level 2.6 Dodging


You had 2 spell levels left.
You didn't know any spells.
Your spell library was empty.

Dungeon Overview and Level Annotations

Branches:
Dungeon (2/15)

Altars:
Wu Jian

Annotations:
D:1 1 transporter


Message History

Wu Jian accepts your prayer! The Council welcomes you!
You can now lightly attack monsters by moving around them.
You can now perform airborne attacks.
You can now perform damaging attacks by moving towards foes.
The ball python barely misses you. The ball python grabs you.
The ball python constricts you.
You escape the ball python's grasp.
You spin and attack the ball python.
You barely miss the ball python. You hit the gnoll.
The gnoll is heavily wounded.
You hit the ball python.
You kill the ball python!
The Council accepts your kill. The gnoll hits you with a +0 club.
You hit the gnoll but do no damage.
The gnoll is heavily wounded.
You hit the gnoll. The gnoll misses you. The gnoll hits you with a +0 flail.
You hit the gnoll.
The gnoll is heavily wounded.
You hit the gnoll but do no damage. The gnoll hits you with a +0 club.
The gnoll closely misses you.
The gnoll hits you from afar with a +0 halberd!
You hit the gnoll.
The gnoll is severely wounded.
You barely miss the gnoll. The gnoll closely misses you. x3
You see here a scroll of fear.
You hit the gnoll.
The gnoll is almost dead.
The gnoll closely misses you.
You hit the gnoll but do no damage.
The gnoll is almost dead.
The gnoll misses you.
You hit the gnoll.
You kill the gnoll!
The Council accepts your kill.
You hit the gnoll but do no damage.
The gnoll is lightly wounded.
The gnoll hits you with a +0 flail!
You die...

........ ....
#......#.... #
...#$....?#.[.#.#
>..#......#...#.#
#............^.#
..............#
#g.g#..#.....# #
#.Sg#._#.....#
#.#...#..#@###.#
#........g.....#
###...##########
##...### ###...##
##.#####.....#
.............#
...#####...<.#
##...##


You could see a gnoll.

Vanquished Creatures
  A gnoll (D:2)
  2 dart slugs (D:1)
  3 bats (D:1)
  2 endoplasms (D:1)
  A giant cockroach (D:1)
  2 goblins (D:1)
  A hobgoblin (D:1)
  3 quokkas (D:1)
  5 ball pythons
  4 frilled lizards (D:1)
  A kobold (D:1)
  A rat (D:1)
26 creatures vanquished.

Notes
Turn   | Place    | Note
-------+----------+-------------------------------------------
     0 | D:1      | KennySheep the Hill Orc Monk began the quest for the Orb.
     0 | D:1      | Reached XP level 1. HP: 19/19 MP: 1/1
   121 | D:1      | Reached XP level 2. HP: 25/27 MP: 2/2
   293 | D:1      | Reached skill level 1 in Armour
   461 | D:1      | Reached XP level 3. HP: 29/33 MP: 3/3
   850 | D:2      | Found a faded altar of an unknown god.
   857 | D:2      | Prayed at the altar of an unknown god.
   857 | D:2      | Became a worshipper of the Wu Jian Council
   857 | D:2      | Reached * piety under Wu Jian
   857 | D:2      | Reached ** piety under Wu Jian
   868 | D:2      | Slain by a gnoll

Illustrated notes

Levels and vault maps discovered:
D:1:      spicycebolla_arrival_risky_transporter, layout_loops_ring,
          kennysheep_another_room
D:2:      layout_loops_corners, hellmonk_ecumenical_altar_lost_god,
          uniq_crazy_yiuf_cottage

Skill      XL: |  1  2 |
---------------+-------+-----
Armour         | 1 |  1.7
Fighting       | |  3.9
Axes           | |  4.8
Dodging        | |  2.6

Action                     || total
---------------------------++-------
  Melee: Hand axe          ||    74
Ability: Whirlwind         ||     1
    Use: Scroll            ||     3
 Armour: Robe              ||    31
  Dodge: Dodged            ||    44
